 Dungeon Crawl Stone Soup version 0.21.1-1-g345015f (webtiles) character file.

150 letownia2 the Poker (level 5, -2/38 HPs)
             Began as a Merfolk Skald on Mar 12, 2018.
             Slain by an iguana (14 damage)
             ... on level 6 of the Dungeon.
             The game lasted 00:05:27 (804 turns).

letownia2 the Poker (Merfolk Skald)                  Turns: 804, Time: 00:05:28

Health: -2/38      AC:  3    Str: 11    XL:     5   Next: 32%
Magic:  0/8        EV: 12    Int: 14    God:
Gold:   91         SH:  0    Dex: 13    Spells: 2/8 levels left

rFire    . . .     SeeInvis .   a - +0 spear
rCold    . . .     Gourm    .   (no shield)
rNeg     . . .     Faith    +   b - +0 leather armour
rPois    .         Spirit   .   (no helmet)
rElec    .         Reflect  .   (no cloak)
rCorr    .         Harm     .   (no gloves)
MR       .....                  (no boots)
Stlth    +.........             l - amulet of faith
HPRegen  0.12/turn              (no ring)
MPRegen  0.11/turn              (no ring)

@: very slightly contaminated
A: change form in water, swift swim, stealthy swim
a: no special abilities


You were on level 6 of the Dungeon.
You were very hungry.

You visited 1 branch of the dungeon, and saw 6 of its levels.

You collected 91 gold pieces.

Inventory:

Hand Weapons
 a - a +0 spear (weapon)
 q - a +0 blowgun
Missiles
 n - a poisoned needle
Armour
 b - a +0 leather armour (worn)
Jewellery
 l - an amulet of faith (around neck)
Scrolls
 e - 2 scrolls of fog {unknown}
 f - 2 scrolls of random uselessness {unknown}
 g - a scroll of magic mapping {unknown}
 h - 3 scrolls of teleportation {unknown}
 i - a scroll of amnesia {unknown}
 k - a scroll of fear {unknown}
 m - a scroll of identify {unknown}
 o - a scroll of remove curse {unknown}
 r - a scroll of blinking {unknown}
Potions
 j - a potion of agility {unknown}
 p - 2 potions of curing {unknown}
 t - a potion of berserk rage {unknown}
Books
 c - a book of Battle

   Spells                             Type                      Level
   a - Infusion                       Charms                       1
   b - Shroud of Golubria             Charms/Translocation         2
   c - Song of Slaying                Charms                       2
   d - Spectral Weapon                Hexes/Charms                 3
   e - Regeneration                   Charms/Necromancy            3
 s - a book of Callings

   Spells                             Type                      Level
   a - Summon Small Mammal            Summoning                    1
   b - Call Imp                       Summoning                    2
   c - Call Canine Familiar           Summoning                    3
   d - Summon Guardian Golem          Hexes/Summoning              3
   e - Summon Lightning Spire         Summoning/Air                4
   f - Summon Ice Beast               Ice/Summoning                4
Comestibles
 d - 3 rations


   Skills:
 - Level 2.1 Fighting
 - Level 6.4 Polearms
 - Level 0.6 Armour
 - Level 2.6 Dodging
 - Level 2.0 Spellcasting
 - Level 2.2 Hexes
 + Level 3.3 Charms
 - Level 1.1 Translocations


You had 2 spell levels left.
You knew the following spells:

 Your Spells              Type           Power        Failure   Level  Hunger
a - Infusion              Chrm           ##..         9%          1    ##.....
t - Shroud of Golubria    Chrm/Tloc      #.........   19%         2    ###....
x - Spectral Weapon       Hex/Chrm       #.......     30%         3    ####...


Dungeon Overview and Level Annotations

Branches:
Dungeon (6/15)
 Temple: D:4-7

Altars:
Ru
Vehumet

Annotations:
D:3 Grinder
D:5 Eustachio, Sigmund


Message History

The iguana is heavily wounded.
The iguana barely misses you.
Attack whom?
Press: ? - help, Dir - move target cursor, f/p - iguana
Aim: an iguana (heavily wounded)
You closely miss the iguana.
The iguana is heavily wounded.
The iguana closely misses you.
Attack whom?
Press: ? - help, Dir - move target cursor, f/p - iguana
Aim: an iguana (heavily wounded)
You hit the iguana but do no damage.
The iguana is heavily wounded.
Attack whom?
Press: ? - help, Dir - move target cursor, f/p - iguana
Aim: an iguana (heavily wounded)
You closely miss the iguana.
The iguana is heavily wounded.
The iguana bites you!
You die...

.##.....# .##.....#
#.. ...8 .##.....# #.#
.... ........#
##.#####...
........... ........##
###...##### #........#
#...# ##.#......#
###...######.........#
................@.#
##.#..#######.#.#l#
#.#..# #.#.#.# #.#..#
....#.# #.#..#
.#.###.# #.##.. ..+..
#.# #.####. .. #.# #..
#.# .... #.# ### #.# .


You could see an iguana.

Vanquished Creatures
  An ogre (D:5)
  A centaur skeleton (D:4)
  A worm (D:3)
  3 orcs (D:3)
  2 bats (D:3)
  2 goblins
  4 hobgoblins
  4 jackals
  4 frilled lizards
  2 kobolds (D:3)
  2 rats
26 creatures vanquished.

Vanquished Creatures (others)
  2 spectral weapons
2 creatures vanquished.

Grand Total: 28 creatures vanquished

Notes
Turn   | Place    | Note
-------+----------+-------------------------------------------
     0 | D:1      | letownia2 the Merfolk Skald began the quest for the Orb.
     0 | D:1      | Reached XP level 1. HP: 16/16 MP: 3/3
   129 | D:2      | Reached skill level 4 in Polearms
   129 | D:2      | Reached XP level 2. HP: 21/22 MP: 5/5
   152 | D:2      | Learned a level 2 spell: Shroud of Golubria
   247 | D:3      | Reached skill level 1 in Translocations
   265 | D:3      | Reached XP level 3. HP: 19/27 MP: 3/6
   270 | D:3      | Learned a level 3 spell: Spectral Weapon
   519 | D:4      | Reached XP level 4. HP: 13/33 MP: 1/7
   535 | D:4      | Found Kivoqov's Weapon Emporium.
   565 | D:5      | Entered Level 5 of the Dungeon
   580 | D:3      | Noticed Grinder
   601 | D:4      | Found a radiant altar of Vehumet.
   651 | D:5      | Noticed an ogre
   677 | D:5      | Killed an ogre
   677 | D:5      | Reached skill level 6 in Polearms
   677 | D:5      | Reached XP level 5. HP: 16/38 MP: 0/8
   686 | D:5      | Noticed Eustachio
   722 | D:5      | Found a sacrificial altar of Ru.
   736 | D:5      | Noticed Sigmund
   804 | D:6      | Slain by an iguana

Skill      XL: |  1  2  3  4 |
---------------+-------------+-----
Polearms       | 4 6 |  6.4
Translocations | 1 |  1.1
Hexes          | 2 |  2.2
Fighting       | |  2.1
Armour         | |  0.6
Dodging        | |  2.6
Spellcasting   | |  2.0
Charms         | |  3.3

Action                   |  1- 3 |  4- 6 || total
-------------------------+-------+-------++-------
Melee: Spear             |   116 |    17 ||   133
 Fire: Blowgun           |     7 |       ||     7
Throw: Tomahawk          |     4 |       ||     4
 Cast: Infusion          |     7 |       ||     7
       Shroud of Golubri |     5 |     3 ||     8
       Spectral Weapon   |       |     2 ||     2
Armor: Leather armour    |    22 |     1 ||    23
Dodge: Dodged            |    65 |     8 ||    73
